 Dungeon Crawl Stone Soup version 0.20.1-1-g8b1a95d (webtiles) character file.

153 empire the Slasher (level 5, -1/41 HPs)
             Began as a Mummy Fighter on July 26, 2017.
             Slain by Grinder (6 damage)
             ... on level 3 of the Dungeon.
             The game lasted 00:04:32 (2325 turns).

empire the Slasher (Mummy Fighter)                  Turns: 2325, Time: 00:04:33

Health: -1/41      AC:  7    Str: 21    XL:     5   Next: 12%
Magic:  5/5        EV:  7    Int:  7    God:
Gold:   125        SH:  9    Dex: 11    Spells: 4/4 levels left

rFire    x . .     SeeInvis .   a - +0 long sword
rCold    + + .     Gourm    .   c - +0 shield
rNeg     + + +     Faith    .   l - +0 scale mail
rPois    ∞         Spirit   .   (no helmet)
rElec    .         Reflect  .   (no cloak)
rCorr    +         Harm     .   (no gloves)
MR       .....                  f - +0 pair of boots
Stlth    ..........             (no amulet)
Regen    0.2/turn               k - ring of resist corrosion
MPRegen  0.1/turn               b - ring of protection from cold

@: no status effects
A: no food or potions, fire vulnerability, cold resistance 1, negative energy
resistance 3, torment resistance, unbreathing
a: no special abilities


You were on level 3 of the Dungeon.
You were not hungry.

You visited 1 branch of the dungeon, and saw 3 of its levels.

You collected 125 gold pieces.

Inventory:

Hand Weapons
 a - a +0 long sword (weapon)
Armour
 c - a +0 shield (worn)
 f - a +0 pair of boots (worn)
 l - a +0 scale mail (worn)
Jewellery
 b - a ring of protection from cold (right hand)
 k - a ring of resist corrosion (left hand)
Scrolls
 d - a scroll of magic mapping {unknown}
 e - 2 scrolls of recharging
 h - 2 scrolls of teleportation {unknown}
 i - 2 scrolls of remove curse
 j - a scroll of fog


   Skills:
 - Level 3.0 Fighting
 + Level 4.4 Long Blades
 - Level 2.4 Armour
 - Level 2.4 Shields


You had 4 spell levels left.
You didn't know any spells.

Dungeon Overview and Level Annotations

Branches:
Dungeon (3/15)

Altars:
Nemelex Xobeh

Annotations:
D:3 Grinder


Innate Abilities, Weirdness & Mutations

You do not eat or drink.
Your flesh is vulnerable to fire.
You are immune to poison.
Your flesh is cold resistant. (rC+)
You are immune to negative energy. (rN+++)
You are immune to unholy pain and torment.
You can survive without breathing.


Message History

* * * LOW HITPOINT WARNING * * *
You barely miss Grinder.
Grinder is severely wounded.
Grinder grins, showing sharp teeth.
You block Grinder's attack. Grinder barely misses you.
You riposte.
You barely miss Grinder.
Grinder is severely wounded.
You hit Grinder but do no damage.
Grinder is severely wounded.
Grinder barely misses you.
You riposte.
Your shield and scale mail prevent you from hitting Grinder.
Grinder is severely wounded.
You hit Grinder.
Grinder is almost dead.
Grinder hits you.
* * * LOW HITPOINT WARNING * * *
You hit Grinder but do no damage.
Grinder is almost dead.
You block Grinder's attack. Grinder hits you.
You die...

##+## ##.$.## # #
##.....## ##.##
##.......##
##...####......$..#
........'......5@.+
##...##†#.........#
###.###.##.......##
....# #.###.....##
.#### #.# ##...##
.# #.# ##+##
.######.# ..
........# .##
<...##### ....


You could see Grinder.

Vanquished Creatures
  Robin (D:2)
  A gnoll (D:1)
  5 adders (D:2)
  3 worms
  2 dart slugs (D:1)
  3 leopard geckos
  3 orcs (D:3)
  4 giant cockroaches
  12 goblins
  11 hobgoblins
  4 kobolds
  6 bats
  3 frilled lizards
  8 rats
66 creatures vanquished.

Notes
Turn   | Place    | Note
-------+----------+-------------------------------------------
     0 | D:1      | empire the Mummy Fighter began the quest for the Orb.
     0 | D:1      | Reached XP level 1. HP: 18/18 MP: 1/1
   120 | D:1      | Reached skill level 2 in Long Blades
   318 | D:1      | Reached XP level 2. HP: 24/24 MP: 2/2
   589 | D:1      | Reached XP level 3. HP: 26/29 MP: 3/3
   676 | D:1      | Reached skill level 3 in Long Blades
  1078 | D:2      | Reached XP level 4. HP: 25/35 MP: 4/4
  1264 | D:2      | Noticed Robin
  1535 | D:2      | Reached skill level 4 in Long Blades
  1540 | D:2      | Killed Robin
  1749 | D:2      | Found a sparkling altar of Nemelex Xobeh.
  2001 | D:2      | Reached XP level 5. HP: 41/41 MP: 5/5
  2252 | D:3      | Noticed Grinder
  2252 | D:3      | Paralysed by Grinder for 7 turns
  2277 | D:3      | Paralysed by Grinder for 5 turns
  2292 | D:3      | Paralysed by Grinder for 5 turns
  2306 | D:3      | Paralysed by Grinder for 5 turns
  2325 | D:3      | Slain by Grinder

Skill      XL: |  1  2  3  4 |
---------------+-------------+-----
Long Blades    | 2 3 4 |  4.4
Fighting       | |  3.0
Armour         | |  2.4
Shields        | |  2.4

Action                   |  1- 3 |  4- 6 || total
-------------------------+-------+-------++-------
Melee: Long sword        |   121 |   146 ||   267
  Use: Scroll            |     1 |     4 ||     5
Armor: Scale mail        |    62 |    84 ||   146
Dodge: Dodged            |    35 |    52 ||    87
Block: Shield            |    53 |    74 ||   127
       Rpst.: Long sword |     6 |    16 ||    22
